 Dungeon Crawl Stone Soup version 0.31-a0-1074-g0b22e4e0f1 (webtiles) character file.

Game seed: 880134837687583483

33 Jeffwins the Changeling (level 3, 0/27 HPs)
             Began as a Vine Stalker Shapeshifter on Nov 27, 2023.
             Succumbed to an adder's poison
             ... on level 2 of the Dungeon.
             The game lasted 00:01:41 (1224 turns).

Jeffwins the Changeling (Vine Stalker Shapeshifter) Turns: 1224, Time: 00:01:41

Health: 0/27       AC:  2    Str: 16    XL:     3   Next: 29%
Magic:  2/4        EV: 12    Int: 12    God:
Gold:   66         SH:  0    Dex: 13    Spells: 2/2 levels left

rFire   . . .        i - +0 dagger (venom)
rCold   . . .        (no shield)
rNeg    . . .        h - +0 animal skin
rPois   .            (helmet currently unavailable)
rElec   .            (cloak currently unavailable)
rCorr   .            (gloves currently unavailable)
SInv    .            (boots currently unavailable)
Will    .....        (no amulet) Stlth
                     (no ring)
HPRegen 1.04/turn    (no ring)
MPRegen 0.09/turn

%: guardian spirit
@: berserking, lethally poisoned (0 -> -5), beast-form, invisible, very quick
A: beast (slay +1), fangs 2, regeneration 1, magic shield, antimagic bite, no
potion heal 2
a: Begin Untransformation


You were on level 2 of the Dungeon.
You were a hulking beast.
You visited 1 branch of the dungeon, and saw 2 of its levels.

You collected 85 gold pieces.
You spent 19 gold pieces at shops.


Innate Abilities, Weirdness & Mutations

You are a hulking beast.
Your limbs bulge with bestial killing power. (Slay +1)
You have extremely sharp teeth.
Your natural rate of healing is unusually fast.
When hurt, damage is shared between your health and your magic reserves.
Your bite disrupts and absorbs the magic of your enemies.
Potions cannot restore your health.


   Skills:
 + Level 1.3 Fighting
 * Level 1.4 Ranged Weapons
 - Level 1.5 Dodging
 + Level 1.4 Stealth
 - Level 3.0 Unarmed Combat
 + Level 3.2 Shapeshifting


You had 2 spell levels left.
You didn't know any spells.
Your spell library was empty.

Inventory:

Hand Weapons
 a - a +0 sling
 i - a +0 dagger of venom (weapon)
Missiles
 f - 5 poisoned darts
Armour
 h - a +0 animal skin (worn)
Talismans
 c - a beast talisman
 d - a flux talisman
Potions
 b - 2 potions of lignification {!q}
 g - a potion of experience {unknown}
 k - a potion of enlightenment {unknown}

Dungeon Overview and Level Annotations

Branches:
Dungeon (2/15)

Altars:

Shops:
D:1

(
#......##..#...#.##
#......##....#...#
###.#.########...###
..###.# ##.##
###.#.## #.#
####.#### #.#
#.......# #.#
#.##.##.# #.# #.##h#
# ..# #.##.S.....#
### #.#####.#### #.#
# #.. ###


You could see an adder (unable to see you).


Message History

You shoot a sling bullet. The sling bullet misses the adder.
You feel very sick. The adder barely misses you. The adder bites you.
* * * LOW HITPOINT WARNING * * *
You are more poisoned.
The adder poisons you!
Unknown command.
Okay, then.
Your +0 dagger of venom begins to drip with poison!
i - a +0 dagger of venom (weapon)
You feel sick. The adder bites you.
* * * LOW HITPOINT WARNING * * *
You closely miss the adder. You bite the adder. You drain its power.
You feel invigorated.
The adder is moderately wounded.
You feel sick. The adder bites you.
* * * LOW HITPOINT WARNING * * *
Unknown command.
It was a potion of invisibility.
You fade into invisibility!
* * * LOW HITPOINT WARNING * * *
You feel sick. The adder bites you.
* * * LOW HITPOINT WARNING * * *
You are more poisoned.
The adder poisons you!
Unknown command.
It was a potion of berserk rage.
A red film seems to cover your vision as you go berserk!
You feel yourself moving faster!
You feel mighty!
You die...

Skill      XL: |  1  2 |
---------------+-------+-----
Fighting       | 1 |  1.3
Ranged Weapons | 1 |  1.4
Stealth        | 1 |  1.4
Dodging        | |  1.5
Unarmed Combat | |  3.0
Shapeshifting  | |  3.2

Action                     || total
---------------------------++-------
  Melee: Unarmed           ||    40
         Bite              ||    11
         Punch             ||     1
         Dagger            ||     1
   Fire: Sling             ||    51
    Use: Potion            ||     2
   Stab: Sleeping          ||     2
 Armour: Animal skin       ||    37
  Dodge: Dodged            ||    55

Levels and vault maps discovered:
D:1:      amcnicky_arrival_single_pillar, layout_basic,
          hellmonk_ecumenical_altar_crossroads, serial_shops,
          nicolae_shop_gibbet_a_chance
D:2:      layout_loops_cross, st_stairs_13

Notes
Turn   | Place    | Note
-------+----------+-------------------------------------------
     0 | D:1      | Jeffwins the Vine Stalker Shapeshifter began the quest for
                  | the Orb.
     0 | D:1      | Reached XP level 1. HP: 9/9 MP: 2/2
    36 | D:1      | Reached skill level 1 in Fighting
    57 | D:1      | Reached XP level 2. HP: 8/14 MP: 3/3
    86 | D:1      | Found a faded altar of an unknown god.
   145 | D:1      | Reached skill level 1 in Ranged Weapons
   145 | D:1      | Reached skill level 1 in Stealth
   421 | D:1      | Found Zuim's Weapon Boutique.
   428 | D:1      | Bought a +0 sling for 19 gold pieces
   700 | D:1      | Reached XP level 3. HP: 18/18 MP: 4/4
  1223 | D:2      | HP: 1/18 [adder (1)]
  1224 | D:2      | Succumbed to an adder's poison

Vanquished Creatures
  A dart slug (D:1)
  A bat (D:1)
  4 endoplasms (D:1)
  3 goblins
  2 hobgoblins (D:1)
  5 jackals (D:1)
  A quokka (D:1)
  2 ball pythons (D:1)
  4 kobolds
  4 rats
27 creatures vanquished.

Table legend: (Time is in decaauts)
 A = Elapsed time spent in this place.
 B = Non-inter-level travel time spent in this place.
 C = Inter-level travel time spent in this place.
 D = Time resting spent in this place.
 E = Time spent auto-exploring this place.
 F = Levels seen in this place.
 G = Mean time per level.
                   A        B        C        D        E       F      G
               +--------+--------+--------+--------+--------+-----+--------+
         Total |   1237 |   1205 |     32 |      6 |   1007 |   2 |  618.5 |
       Dungeon |   1237 |   1205 |     32 |      6 |   1007 |   2 |  618.5 |
               +--------+--------+--------+--------+--------+-----+--------+

Top non-repeatable levels by time:
     D:1: 1060 daAuts
     D:2: 176 daAuts

Table legend:
 A = Non-vault XP
 B = Vault XP
 C = Vault XP percentage of total XP
 D = Non-vault monster count
 E = Vault monster count
 F = Vault count percentage of total count
                 A         B        C        D         E       F
            +---------+---------+-------+---------+---------+-------
      Total |      48 |       0 |   0.0 |      27 |       0 |   0.0
            +---------+---------+-------+---------+---------+-------
        D:1 |      43 |       0 |   0.0 |      23 |       0 |   0.0
        D:2 |       5 |       0 |   0.0 |       4 |       0 |   0.0
            +---------+---------+-------+---------+---------+-------
